 Dungeon Crawl Stone Soup version 0.28-a0-1235-g7c8fac35f0 (webtiles) character file.

Game seed: 8713120331077576141

277 freelancePsychic the Skirmisher (level 6, -4/56 HPs)
             Began as a Minotaur Fighter on Dec 24, 2021.
             Was an Initiate of Qazlal.
             Slain by an ogre (30 damage)
             ... on level 4 of the Dungeon.
             The game lasted 00:05:29 (3110 turns).

freelancePsychic the Skirmisher (Minotaur Fighter)  Turns: 3110, Time: 00:05:29

Health: -4/56      AC: 11    Str: 20    XL:     6   Next: 4%
Magic:  6/6        EV:  6    Int:  5    God:    Qazlal [......]
Gold:   186        SH:  5    Dex: 12    Spells: 5/5 levels left

rFire   . . .      SeeInvis .   s - +5 hand axe
rCold   . . .      Faith    .   c - +0 buckler
rNeg    . . .      Spirit   .   n - +0 plate armour
rPois   .          Reflect  .   (helmet restricted)
rElec   .          Harm     .   (no cloak)
rCorr   .          Rampage  .   (no gloves)
Will    .....                   (no boots)
Stlth   ..........              j - amulet of the acrobat
HPRegen 0.18/turn               (no ring)
MPRegen 0.10/turn               (no ring)

@: no status effects
A: horns 2, retaliatory headbutt
a: Renounce Religion


You were on level 4 of the Dungeon.
You worshipped Qazlal.
Qazlal was noncommittal.
You visited 1 branch of the dungeon, and saw 5 of its levels.

You collected 186 gold pieces.

Inventory:

Hand Weapons
 a - a +0 long sword
 s - a +5 hand axe (weapon)
Missiles
 l - 30 poisoned darts (quivered)
Armour
 b - a +0 scale mail
 c - a +0 buckler (worn)
 n - a +0 plate armour (worn)
Jewellery
 j - an amulet of the acrobat (around neck)
 r - an amulet of magic regeneration
Wands
 m - a wand of flame (8)
Scrolls
 e - 5 scrolls of teleportation {@r4}
 g - a scroll of immolation
 i - a scroll of vulnerability
 k - a scroll of noise
Potions
 d - 3 potions of might
 f - a potion of lignification {unknown}
 h - a potion of heal wounds {unknown}
 o - a potion of attraction {unknown}
 q - a potion of invisibility {unknown}


   Skills:
 + Level 5.0 Fighting
 - Level 4.4 Long Blades
 * Level 2.8 Axes
 - Level 1.5 Throwing
 - Level 4.2 Armour
 - Level 4.0 Shields
 + Level 1.5 Invocations


You had 5 spell levels left.
You didn't know any spells.
Your spell library was empty.

Dungeon Overview and Level Annotations

Branches:
Dungeon (5/15)             Temple (0/1) D:4

Altars:
Qazlal
Vehumet

Annotations:
D:2 Sigmund


Innate Abilities, Weirdness & Mutations

You have a pair of horns on your head.
You reflexively headbutt those who attack you in melee.


Message History

HP restored.
You climb downwards.
The ogre hits you with a +0 giant spiked club!!
There is a stone staircase leading up, spattered with blood here.
The ogre hits you with a +0 giant spiked club!
You climb upwards.
There is a stone staircase leading down here.
Throw: 34 darts (poison)
Press: ? - help, Q - select action, (/) - cycle Shift-Dir - straight line, f - ogre
Aim: an ogre, wielding a +0 giant spiked club (lightly wounded, 73% to hit)
You throw a poisoned dart. The poisoned dart hits the ogre.
The ogre is poisoned.
The ogre is lightly wounded.
The ogre looks more healthy.
Throw: 33 darts (poison)
Press: ? - help, Q - select action, (/) - cycle Shift-Dir - straight line, f/p - ogre
Aim: an ogre, wielding a +0 giant spiked club (heavily wounded, 72% to hit)
You throw a poisoned dart. The poisoned dart hits the ogre.
The ogre is poisoned.
The ogre is heavily wounded.
The ogre hits you with a +0 giant spiked club.
The ogre looks more healthy.
Throw: 32 darts (poison)
Press: ? - help, Q - select action, (/) - cycle Shift-Dir - straight line, f/p - ogre
Aim: an ogre, wielding a +0 giant spiked club (severely wounded, 73% to hit)
You throw a poisoned dart.
The poisoned dart barely misses the ogre.
You block the ogre's attack.
Throw: 31 darts (poison)
Press: ? - help, Q - select action, (/) - cycle Shift-Dir - straight line, f/p - ogre
Aim: an ogre, wielding a +0 giant spiked club (severely wounded, 72% to hit)
You throw a poisoned dart. The poisoned dart hits the ogre.
The ogre is poisoned.
The ogre is severely wounded.
The ogre looks more healthy.
You barely miss the ogre.
The ogre is almost dead.
The ogre hits you with a +0 giant spiked club!!
Ouch! That really hurt!
You die...

#.# #...............# #
########.# #...............# #
.........#################.# #
........#......# #.# #
........#......# #.# #
........#......###########.# #
........#................#.# #
........######.#########.#.##
#
'#(............O@....###.#..#
#
.#.###########.#......##.##.##
# .#.# #.#......##.##..# #
.#<# #.#......##.###.# #
.######### #.#......##.# #.##
# .#.......#####.#......##.#
#..# #
.#...........#.#.)....##.#
##.###
.#.......###.#.#####.###.#
#..##
.#.......#.#.#.........#.#
#..##


You could see an ogre.

Vanquished Creatures
  A scorpion (D:4)
  A water moccasin skeleton (D:4)
  Jessica (D:3)
  A hound skeleton (D:4)
  6 adders
  4 worms
  2 dart slugs
  3 orcs
  5 ball pythons
  A bat (D:1)
  6 endoplasms
  2 giant cockroaches
  4 goblins
  7 hobgoblins
  2 jackals (D:1)
  3 kobolds
  2 quokkas
  2 frilled lizards
  4 rats
57 creatures vanquished.

Vanquished Creatures (collateral kills)
  A kobold (D:4)
1 creature vanquished.

Grand Total: 58 creatures vanquished

Notes
Turn   | Place    | Note
-------+----------+-------------------------------------------
     0 | D:1      | freelancePsychic the Minotaur Fighter began the quest for
                  | the Orb.
     0 | D:1      | Reached XP level 1. HP: 19/19 MP: 0/0
   270 | D:1      | Reached XP level 2. HP: 27/27 MP: 1/1
   922 | D:2      | Reached skill level 4 in Fighting
   922 | D:2      | Reached XP level 3. HP: 31/33 MP: 2/2
  1052 | D:2      | Noticed Sigmund
  1392 | D:3      | Reached XP level 4. HP: 40/40 MP: 3/3
  1516 | D:3      | Found a stormy altar of Qazlal.
  1524 | D:3      | Became a worshipper of Qazlal Stormbringer
  1617 | D:3      | Noticed Jessica
  1623 | D:3      | Killed Jessica
  2236 | D:4      | Reached skill level 1 in Throwing
  2306 | D:4      | Noticed a scorpion
  2307 | D:4      | Reached XP level 5. HP: 47/47 MP: 4/4
  2318 | D:4      | Reached skill level 1 in Axes
  2318 | D:4      | Reached skill level 1 in Invocations
  2339 | D:4      | Found a radiant altar of Vehumet.
  2685 | D:4      | Reached skill level 5 in Fighting
  2685 | D:4      | Reached XP level 6. HP: 52/56 MP: 4/6
  2717 | D:4      | Found a staircase to the Ecumenical Temple.
  2937 | D:5      | Entered Level 5 of the Dungeon
  3110 | D:4      | Slain by an ogre

Illustrated notes

Levels and vault maps discovered:
D:1:      dpeg_arrival_boxes_within_box, layout_rooms, st_stairs_9
D:2:      layout_rooms, grunt_ministairs_1, uniq_sigmund
D:3:      layout_loops_ring, grunt_qazlal_sundering, uniq_jessica
D:4:      layout_basic, temple_green, minmay_ruined_shrine
D:5:      layout_basic, gammafunk_ghost_arena, hangedman_abyss_or_decor_stabs,
          grunt_tough_drop

Skill      XL: |  1  2  3  4  5 |
---------------+----------------+-----
Long Blades    | 3 4 |  4.4
Shields        | 4 |  4.0
Fighting       | 4 5 |  5.0
Armour         | 4 |  4.2
Throwing       | 1 |  1.5
Axes           | 2 |  2.8
Invocations    | 1 |  1.5

Action                   |  1- 3 |  4- 6 || total
-------------------------+-------+-------++-------
Melee: Long sword        |    69 |    26 ||    95
       Headbutt          |    10 |     9 ||    19
       Hand axe          |       |    40 ||    40
Throw: Dart              |       |     8 ||     8
  Use: Scroll            |       |     7 ||     7
Armor: Scale mail        |    28 |       ||    28
       Plate armour      |       |    33 ||    33
Dodge: Dodged            |    23 |    15 ||    38
Block: Buckler           |    15 |    10 ||    25

Table legend: (Time is in decaauts)
 A = Elapsed time spent in this place.
 B = Non-inter-level travel time spent in this place.
 C = Inter-level travel time spent in this place.
 D = Time resting spent in this place.
 E = Time spent auto-exploring this place.
 F = Levels seen in this place.
 G = Mean time per level.
                   A        B        C        D        E       F      G
               +--------+--------+--------+--------+--------+-----+--------+
         Total |   3140 |   3005 |    135 |    112 |   2380 |   5 |  628.0 |
       Dungeon |   3140 |   3005 |    135 |    112 |   2380 |   5 |  628.0 |
               +--------+--------+--------+--------+--------+-----+--------+

Top non-repeatable levels by time:
     D:4: 1151 daAuts
     D:1: 867 daAuts
     D:3: 770 daAuts
     D:2: 331 daAuts
     D:5: 20 daAuts
